Map: Thunderbird LE

Players

Mez

  • Race: Terran Terran
  • League: Master
  • Spawn Location: 11:00

onama - Winner!

  • Race: Terran Terran
  • League: Master
  • Spawn Location: 5:00

VOD

Have the link to the VOD?

Description

Time

  • Played on: Aug. 16, 2019, 7:30 p.m.
  • Length: 9:10
Show
View Real Time Build Order
Export as new Build Order

Mez Terran 

Build Orders: Cyclone Opening 

Get SALT Encoding   

  12  0:00  SCV  
  13  0:13  SCV  
  14  0:17  Supply Depot  
  14  0:25  SCV  
  15  0:38  SCV  
  15  0:40  Barracks  
  16  0:44  Refinery  
  16  0:49  Refinery  
  16  0:53  SCV  
  17  1:05  SCV  
  18  1:18  SCV  
  19  1:28  Reaper  
  19  1:30  Orbital Command  
  20  1:33  Supply Depot  
  20  1:42  Factory  
  20  1:57  SCV  
  20  2:00  Reaper  
  22  2:09  SCV  
  23  2:24  Command Center  
  23  2:28  Factory Tech Lab  
  23  2:31  Supply Depot  
  23  2:40  Barracks Reactor  
  23  2:44  SCV  
  23  2:47  Cyclone  
  26  2:56  SCV, Starport  
  27  3:11  SCV  
  27  3:23  Cyclone  
  27  3:24  Marine x2  
  33  3:27  SCV  
  33  3:35  Starport Tech Lab  
  33  3:40  SCV  
  33  3:52  Marine x2  
  33  3:53  SCV  
  33  3:54  Raven  
  38  3:59  Supply Depot  
  38  4:05  SCV  
  39  4:14  Refinery  
  39  4:19  SCV, Marine x2  
  39  4:20  Orbital Command  
  45  4:24  Siege Tank  
  45  4:31  SCV  
  45  4:42  Marine x2  
  45  4:43  SCV  
  48  4:49  SCV  
  49  4:54  Raven  
  49  4:55  SCV, Command Center  
  52  5:01  SCV  
  52  5:06  Marine x2  
  55  5:07  SCV  
  55  5:13  Siege Tank  
  55  5:14  SCV  
  60  5:19  SCV  
  61  5:26  SCV, Supply Depot  
  61  5:27  Supply Depot  
  62  5:48  SCV x2  
  61  6:00  SCV  
  61  6:01  Viking x2  
  66  6:06  Marine  
  67  6:11  SCV  
  67  6:12  SCV  
  67  6:15  Siege Tank  
  72  6:23  SCV  
  72  6:24  SCV, Marine  
  75  6:30  Stimpack, Orbital Command  
  75  6:33  Barracks  
  75  6:34  Barracks  
  75  6:35  SCV, Barracks  
  75  6:36  Barracks, Supply Depot  
  76  6:42  Marine  
  77  6:53  Viking x2, Siege Tank  
  84  6:59  Marine  
  85  7:02  Orbital Command  
  85  7:10  Supply Depot  
  85  7:11  Engineering Bay x2, Supply Depot  
  84  7:23  Barracks Reactor x4  
  84  7:28  Marine  
  84  7:29  Viking  
  86  7:35  Viking  
  88  7:41  SCV x2  
  90  7:46  Marine  
  91  7:53  SCV  
  91  7:56  SCV x2  
  94  8:04  Marine x7  
  94  8:05  SCV, Marine x2  
  104  8:20  Supply Depot  
  104  8:21  Marine, Supply Depot  
  79  8:35  Marine  
  79  8:36  Marine x7  
  79  8:38  SCV x2  
  79  8:39  Marine  
  84  8:47  Refinery  
  84  8:52  SCV x3  
Show
View Real Time Build Order
Export as new Build Order

onama Terran - Winner!

Build Orders:  

Get SALT Encoding   

  12  0:00  SCV  
  13  0:13  SCV  
  14  0:17  Supply Depot  
  14  0:25  SCV  
  14  0:27  Refinery  
  15  0:41  Barracks  
  15  0:44  SCV  
  16  0:56  SCV  
  17  1:08  SCV  
  18  1:20  SCV  
  19  1:29  Factory, Marine  
  20  1:33  Orbital Command  
  20  1:38  Supply Depot  
  20  1:46  Marine  
  21  1:59  SCV  
  22  2:05  Reaper  
  23  2:11  SCV  
  23  2:14  Hellion  
  26  2:23  SCV, Command Center  
  26  2:41  Barracks Reactor, Hellion  
  28  2:49  Supply Depot  
  28  2:50  SCV  
  29  2:52  Starport  
  29  2:57  Refinery  
  29  3:04  Factory Tech Lab  
  29  3:25  Marine x2  
  30  3:34  Cyclone  
  32  3:46  SCV  
  32  3:48  Marine x2  
  32  3:51  Command Center  
  34  3:56  Barracks  
  34  3:57  Medivac  
  34  3:59  Orbital Command  
  34  4:01  SCV  
  37  4:09  Marine  
  37  4:10  Marine  
  37  4:13  SCV  
  40  4:17  Siege Tank  
  43  4:25  SCV  
  43  4:30  SCV  
  45  4:34  Marine x2, Supply Depot  
  45  4:37  SCV  
  48  4:44  Barracks Tech Lab  
  46  4:47  Viking  
  46  4:49  SCV  
  46  4:50  SCV  
  46  4:52  Marine x2  
  51  4:55  Refinery  
  51  4:59  Siege Tank  
  55  5:01  SCV  
  55  5:02  SCV  
  55  5:05  Supply Depot  
  55  5:07  Marine  
  57  5:13  SCV  
  57  5:14  SCV  
  60  5:18  Marine, Supply Depot  
  60  5:19  Marine  
  60  5:20  Starport Reactor  
  62  5:25  Stimpack  
  62  5:27  SCV  
  63  5:34  SCV  
  64  5:35  Marine  
  64  5:36  Marine  
  64  5:38  Marine  
  64  5:41  Siege Tank  
  68  6:09  Marine  
  68  6:10  Marine x2  
  68  6:11  Viking x2  
  75  6:27  SCV x2, Marine  
  78  6:34  Engineering Bay x2  
  78  6:38  Refinery  
  78  6:39  Barracks, Supply Depot x2  
  78  6:40  SCV x2  
  78  6:47  Marine  
  78  6:58  Supply Depot  
  78  7:00  Marine  
  78  7:01  Siege Tank, SCV x2, Marine, Medivac x2  
  89  7:04  Terran Infantry Weapons Level 1  
  89  7:13  SCV  
  90  7:19  Marine x3  
  90  7:22  SCV  
  94  7:25  SCV, Combat Shield  
  88  7:35  Siege Tank  
  88  7:37  Marine x3  
  91  7:38  Viking x2  
  99  7:51  SCV x2  
  99  7:54  Barracks Reactor, Marine  
  99  7:55  Marine  
  99  7:57  Armory  
  102  8:20  Supply Depot x2  
  102  8:27  Viking  
  102  8:28  Viking  
  102  8:29  Marine x3  
  87  8:46  Marine x3  
  87  8:47  Marine x2  
  92  8:50  Command Center  
Tags
 
Add a new tag
Caveats
  • Supply blocks, unpowered buildings, or Contaminate may cause inaccurate times.
  • Supply counts are checked every 10 seconds.